 Dungeon Crawl Stone Soup version 0.22-a0-185-ge330310 (webtiles) character file.

362 Amnesiac the Magician (level 6, -3/41 HPs)
             Began as a Mummy Earth Elementalist on Feb 15, 2018.
             Slain by a bullfrog (6 damage)
             ... on level 6 of the Dungeon.
             The game lasted 00:03:34 (1050 turns).

Amnesiac the Magician (Mummy Earth Elementalist)    Turns: 1050, Time: 00:03:35

Health: -3/41      AC:  3    Str: 12    XL:     6   Next: 39%
Magic:  20/22      EV: 12    Int: 16    God:
Gold:   64         SH:  0    Dex: 12    Spells: 9/15 levels left

rFire    x . .     SeeInvis .   a - +0 dagger
rCold    + . .     Gourm    .   (no shield)
rNeg     + + +     Faith    .   c - +0 robe
rPois    ∞         Spirit   .   (no helmet)
rElec    .         Reflect  .   (no cloak)
rCorr    .         Harm     .   l - +0 pair of gloves
MR       .....                  (no boots)
Stlth    ++........             (no amulet)
HPRegen  0.13/turn              p - ring of magical power
MPRegen  0.18/turn              (no ring)

@: no status effects
A: no food or potions, fire vulnerability, cold resistance 1, negative energy
resistance 3, torment resistance, unbreathing
a: no special abilities


You were on level 6 of the Dungeon.
You were not hungry.

You visited 1 branch of the dungeon, and saw 6 of its levels.

You collected 64 gold pieces.

Inventory:

Hand Weapons
 a - a +0 dagger (weapon)
 b - a +0 hunting sling
Missiles
 m - 109 stones (quivered)
 n - 10 poisoned needles
 q - 7 needles of confusion
Armour
 c - a +0 robe (worn)
 l - a +0 pair of gloves (worn)
Jewellery
 p - a ring of magical power (left hand)
Scrolls
 e - 3 scrolls of fog {!r, unknown}
 f - 2 scrolls of enchant armour {!r, unknown}
 g - a scroll of magic mapping {!r, unknown}
 h - 2 scrolls of amnesia {!r, unknown}
 i - a scroll of enchant weapon {!r, unknown}
 j - a scroll of remove curse {!r, unknown}
 k - a scroll of teleportation {!r, unknown}
 o - 2 scrolls of identify {!r, unknown}
Books
 d - a book of Geomancy

   Spells                             Type                      Level
   a - Sandblast                      Earth                        1
   b - Passwall                       Transmutation/Earth          2
   c - Stone Arrow                    Conjuration/Earth            3
   d - Petrify                        Transmutation/Earth          4
   e - Lee's Rapid Deconstruction     Earth                        5


   Skills:
 - Level 1.5 Dodging
 + Level 2.1 Stealth
 + Level 5.0 Spellcasting
 - Level 0.7 Transmutations
 * Level 5.0 Earth Magic


You had 9 spell levels left.
You knew the following spells:

 Your Spells              Type           Power        Failure   Level  Hunger
a - Sandblast             Erth           ###...       1%          1    N/A
b - Passwall              Tmut/Erth      ##........   7%          2    N/A
c - Stone Arrow           Conj/Erth      ##....       16%         3    N/A

Dungeon Overview and Level Annotations

Branches:
Dungeon (6/15)
 Temple: D:4-7

Altars:
The Shining One


Innate Abilities, Weirdness & Mutations

You do not eat or drink.
Your flesh is vulnerable to fire.
You are immune to poison.
Your flesh is cold resistant. (rC+)
You are immune to negative energy. (rN+++)
You are immune to unholy pain and torment.
You can survive without breathing.


Message History

Casting: Sandblast (safe; 2% risk of failure)
Confirm with . or Enter, or press ? or * to list all spells.
Aiming: Sandblast (safe; 2% risk of failure)
Press: ? - help, Shift-Dir - straight line, f/p - bullfrog
Aim: a bullfrog (almost dead)
The blast of sand hits the bullfrog.
You kill the bullfrog!
Your Spellcasting skill increases to level 5!
Your Earth Magic skill increases to level 5!
m - 111 stones
Casting: Sandblast (safe; 1% risk of failure)
Confirm with . or Enter, or press ? or * to list all spells.
You can't see any susceptible monsters within range! (Use Z to cast anyway.)
Found a ration.
Found a smoky sapphire potion.
You now have 64 gold pieces (gained 14).
You open the door.
There is an open door here.
Magic restored.
You see here a ration.
You see here a smoky sapphire potion {!q}.
You open the door.
An orc wizard comes into view. It is wielding a dagger.
The orc wizard moves out of view.
There is an open door here.
The orc wizard shouts!
You hear a shout!
The orc wizard gestures at you while chanting.
The magic dart hits you!
* * * LOW HITPOINT WARNING * * *
You hear a shout! x2 2 orcs and an orc wizard come into view.
The orc wizard shouts!
The orc shouts!
The orc moves out of view.
The orc wizard casts a spell at you. The magic dart hits you!
* * * LOW HITPOINT WARNING * * *
The orc shouts!
A bullfrog comes into view.
An orc priest comes into view. It is wielding a hand axe.
You hear a shout! x3
An orc opens the door.
The orc priest moves out of view.
An orc comes into view. It is wielding a whip.
There is an open door here.
You see here a smoky sapphire potion {!q}.
Casting: Sandblast (safe; 1% risk of failure)
Confirm with . or Enter, or press ? or * to list all spells.
Aiming: Sandblast (safe; 1% risk of failure)
Press: ? - help, Shift-Dir - straight line, f - bullfrog
Aim: a bullfrog The blast of sand hits the bullfrog.
The bullfrog is moderately wounded.
m - 110 stones The bullfrog hits you!
* * * LOW HITPOINT WARNING * * *
Casting: Sandblast (safe; 1% risk of failure)
Confirm with . or Enter, or press ? or * to list all spells.
Aiming: Sandblast (safe; 1% risk of failure)
Press: ? - help, Shift-Dir - straight line, f/p - bullfrog
Aim: a bullfrog (moderately wounded)
The blast of sand hits the bullfrog.
The bullfrog is heavily wounded.
m - 109 stones The bullfrog hits you.
You die...

...o##...
.o....# .o..##
# #...##
..#######F...#
........#....#
........#....#
........###'###
........@F....#
..###+##%.....#
#....#......#
+....#......#
#....#......#
#....'......#
##+###......#
#....#......#
#....#......#


You could see a bullfrog.

Vanquished Creatures
  A centaur (D:5)
  A bullfrog (D:6)
  A howler monkey (D:4)
  A crimson imp (D:4)
  2 hounds
  A centaur skeleton (D:5)
  4 adders
  6 orcs
  2 giant cockroaches
  2 hobgoblins (D:2)
  A bat (D:2)
  2 kobolds (D:2)
  A leopard gecko skeleton (D:4)
  2 rats (D:2)
27 creatures vanquished.

Notes
Turn   | Place    | Note
-------+----------+-------------------------------------------
     0 | D:1      | Amnesiac the Mummy Earth Elementalist began the quest for the Orb.
     0 | D:1      | Reached XP level 1. HP: 13/13 MP: 4/4
    41 | D:2      | Reached XP level 2. HP: 16/19 MP: 2/5
    71 | D:2      | Found a glowing golden altar of the Shining One.
    78 | D:2      | Learned a level 2 spell: Passwall
   390 | D:3      | You fall through a shaft!
   422 | D:4      | Reached XP level 3. HP: 9/24 MP: 1/7
   595 | D:5      | Entered Level 5 of the Dungeon
   639 | D:4      | Reached XP level 4. HP: 30/30 MP: 3/10
   696 | D:4      | Reached XP level 5. HP: 31/35 MP: 0/11
   701 | D:4      | Learned a level 3 spell: Stone Arrow
   985 | D:5      | Noticed a centaur
   987 | D:5      | Noticed a sky beast
   990 | D:5      | Killed a centaur
   990 | D:5      | Reached XP level 6. HP: 10/41 MP: 13/13
  1016 | D:6      | Reached skill level 5 in Spellcasting
  1016 | D:6      | Reached skill level 5 in Earth Magic
  1050 | D:6      | Slain by a bullfrog

Vault maps used:
D:1:      dpeg_arrival_houses_and_road, minivault_26
D:2:      nicolae_tso_swordbearing_angel, corexii_hall_statues_l, st_stairs_4,
          minmay_rat_gold_closets
D:3:      lemuel_doored_altar, nemelex_xobeh_ov_fountains_minmay,
          lemuel_round_altar
D:4:      first_ration
D:5:      portal_sewer_entry_b, hangedman_decor_peaks_small, feat_on_display
D:6:      grunt_qazlal_sundering, lemuel_round_altar,
          minmay_temple_entry_junction, serial_glass, glass_columns_b,
          glass_columns_a

Skill      XL: |  1  2  3  4  5  6 |
---------------+-------------------+-----
Earth Magic    | 3 4 5 |  5.0
Spellcasting   | 3 4 5 |  5.0
Stealth        | 2 |  2.1
Dodging        | |  1.5
Transmutations | |  0.7

Action                   |  1- 3 |  4- 6 || total
-------------------------+-------+-------++-------
Melee: Unarmed           |     7 |       ||     7
       Dagger            |    14 |     4 ||    18
 Cast: Sandblast         |    19 |    30 ||    49
       Passwall          |     1 |     1 ||     2
 Stab: Sleeping          |     1 |     1 ||     2
Armor: Robe              |     5 |     4 ||     9
Dodge: Dodged            |    18 |    15 ||    33

Table legend:
 A = Spawn XP
 B = Non-spawn XP
 C = Spawn XP percentage of total XP
 D = Spawn monster count
 E = Non-spawn monster count
 F = Spawn count percentage of total count
 G = Total turns spent on level
                    A         B        C        D         E        F      G
               +---------+---------+-------+---------+---------+-------+---------
         Total |       0 |     518 |   0.0 |       0 |      27 |   0.0 |  1050
               +---------+---------+-------+---------+---------+-------+---------
           D:2 |       0 |      37 |   0.0 |       0 |      10 |   0.0 |   304
           D:4 |       0 |     170 |   0.0 |       0 |       9 |   0.0 |   499
           D:5 |       0 |     221 |   0.0 |       0 |       7 |   0.0 |   116
           D:6 |       0 |      90 |   0.0 |       0 |       1 |   0.0 |    45
               +---------+---------+-------+---------+---------+-------+---------
